Map: Ley Lines

Players

ManlyManMeat - Winner!

  • Race: Zerg Zerg
  • League: Master
  • Spawn Location: 7:00

Whirlwind

  • Race: Protoss Protoss
  • Spawn Location: 1:00

VOD

Have the link to the VOD?

Description

Time

  • Played on: June 17, 2025, 1:38 p.m.
  • Length: 10:50
Show
View Real Time Build Order
Export as new Build Order

ManlyManMeat Zerg - Winner!

Build Orders: Hatch First 

Get SALT Encoding   

  12  0:00  Drone  
  13  0:11  Drone  
  14  0:19  Overlord  
  14  0:37  Drone x3  
  17  0:54  Hatchery  
  17  0:55  Drone  
  17  1:00  Drone  
  18  1:17  Spawning Pool  
  17  1:18  Overlord  
  17  1:27  Drone  
  18  1:40  Drone  
  19  2:05  Spine Crawler  
  19  2:06  Spine Crawler, Queen  
  19  2:07  Queen  
  21  2:08  Zergling x4  
  21  2:15  Zergling x4  
  25  2:21  Zergling x4  
  25  2:51  Drone x3  
  25  2:52  Drone x2  
  26  3:03  Zergling x6  
  26  3:10  Queen  
  26  3:15  Zergling x4  
  28  3:32  Zergling x2  
  29  3:41  Roach Warren  
  28  3:43  Drone, Extractor  
  28  3:45  Extractor  
  28  4:03  Zergling x4  
  26  4:19  Zergling x2  
  26  4:20  Zergling x4  
  20  4:40  Drone  
  21  4:50  Drone  
  22  4:56  Zergling x2  
  22  5:04  Drone x3  
  25  5:09  Hatchery  
  23  5:50  Drone x3  
  23  5:51  Drone  
  26  6:00  Drone  
  26  6:01  Drone  
  27  6:17  Zergling x4  
  32  6:25  Roach x2  
  32  6:36  Queen  
  32  6:38  Overlord  
  34  6:40  Overlord  
  34  6:56  Drone x4  
  34  7:00  Drone  
  34  7:01  Drone x5  
  44  7:19  Drone x2  
  44  7:20  Drone  
  47  7:26  Roach  
  47  7:27  Metabolic Boost  
  48  7:37  Drone x2  
  48  7:38  Drone x2  
  52  7:47  Hatchery, Overlord  
  52  7:48  Overlord  
  52  7:50  Lair  
  51  7:54  Baneling Nest  
  51  7:56  Evolution Chamber  
  49  8:13  Roach x5  
  49  8:14  Roach x3  
  65  8:22  Zerg Missile Weapons Level 1  
  65  8:27  Overlord x2  
  65  8:43  Roach  
  65  8:47  Spore Crawler  
  66  8:48  Spore Crawler  
  66  8:49  Centrifugal Hooks  
  66  8:50  Glial Reconstitution  
  66  8:51  Overseer  
  66  8:52  Overseer  
  66  8:54  Zergling x4  
  66  8:55  Zergling x6  
  70  9:02  Drone x4  
  74  9:06  Extractor  
  74  9:07  Extractor  
  72  9:12  Ravager  
  72  9:15  Drone x3  
  72  9:16  Drone  
  72  9:17  Drone  
  78  9:18  Drone  
  78  9:22  Drone x2  
  78  9:24  Ravager  
  82  9:40  Drone x5  
  82  9:41  Overlord x2  
  86  10:17  Roach x4  
  86  10:18  Roach x6  
Show
View Real Time Build Order
Export as new Build Order

Whirlwind Protoss 

Build Orders:  

Get SALT Encoding   

  12  0:32  Pylon  
  12  0:51  Gateway  
  12  0:53  Gateway  
  12  1:02  Gateway  
  12  1:08  Gateway  
  12  1:38  Zealot  
  16  1:40  Zealot  
  16  1:50  Zealot  
  16  1:52  Pylon  
  18  2:05  Zealot  
  20  2:12  Zealot x2  
  20  2:59  Zealot x3  
  26  3:16  Assimilator  
  26  3:18  Probe  
  27  3:22  Pylon  
  27  3:30  Probe  
  28  3:41  Forge  
  28  3:43  Pylon  
  26  4:07  Zealot  
  20  4:17  Photon Cannon  
  14  4:47  Nexus  
  14  4:53  Pylon, Probe  
  13  5:11  Photon Cannon  
  13  5:23  Photon Cannon  
  13  5:30  Pylon  
  13  5:38  Probe  
  14  5:46  Probe  
  14  5:56  Probe  
  14  5:57  Pylon  
  15  6:08  Probe  
  15  6:10  Probe  
  15  6:28  Gateway  
  15  6:41  Gateway  
  15  6:52  Photon Cannon  
  15  6:54  Probe x2  
  17  7:02  Probe x2  
  19  7:10  Probe x2  
  21  7:21  Probe  
  21  7:22  Probe  
  23  7:32  Probe  
  24  7:39  Cybernetics Core  
  24  7:40  Probe  
  24  7:41  Probe  
  24  7:45  Assimilator  
  24  7:48  Probe  
  24  7:49  Probe  
  26  7:52  Protoss Ground Weapons Level 1  
  28  8:00  Probe  
  29  8:10  Probe  
  29  8:13  Probe  
  29  8:18  Probe  
  31  8:21  Pylon  
  31  8:25  Probe  
  33  8:27  Warp Gate  
  33  8:28  Probe  
  34  8:37  Pylon, Probe  
  34  8:40  Probe  
  36  8:49  Probe  
  37  8:56  Twilight Council  
  39  9:02  Zealot  
  39  9:03  Zealot  
  39  9:04  Probe  
  39  9:07  Assimilator  
  42  9:10  Probe, Assimilator  
  42  9:14  Probe  
  44  9:22  Probe  
  44  9:30  Gateway  
  45  9:32  Gateway  
  45  9:38  Templar Archives  
  49  10:06  Gateway  
  49  10:08  Gateway  
  49  10:09  Gateway  
  23  10:35  Zealot  
  23  10:36  Zealot  
  23  10:38  Probe  
Tags
 
League
Master
Matchup
PvZ
Replay Pack
Myownreplay2
Spawn Locations
Cross Positions
Add a new tag
Caveats
  • Supply blocks, unpowered buildings, or Contaminate may cause inaccurate times.
  • Supply counts are checked every 10 seconds.